 Dungeon Crawl Stone Soup version 0.30-a0-743-gbfdf073431 (webtiles) character file.

Game seed: 3555067323563651045

44 jimonade the Magician (level 3, -13/25 HPs)
             Began as a Djinni Air Elementalist on Feb 8, 2023.
             Mangled by Crazy Yiuf
             ... wielding a +4 quarterstaff of chaos
              (14 damage)
             ... on level 2 of the Dungeon.
             The game lasted 00:02:45 (1804 turns).

jimonade the Magician (Djinni Air Elementalist)     Turns: 1804, Time: 00:02:45

Health: -13/25     AC:  2    Str:  9    XL:     3   Next: 85%
Gold:   124        EV: 12    Int: 16    God:
                   SH:  0    Dex: 13

rFire   + + .      SeeInvis .    a - +2 dagger (vamp)
rCold   x . .      Faith    .    (no shield)
rNeg    . . .      Spirit   .    g - +0 robe
rPois   ∞          Reflect  .    (no helmet)
rElec   .          Harm     .    (no cloak)
rCorr   .          Rampage  .    (no gloves)
Will    .....                    (boots unavailable)
Stlth   ++                       (no amulet)
HPRegen 0.24/turn                (no ring)
MPRegen 0.00/turn                (no ring)

@: flying
A: sickness immunity, fire resistance 2, cold vulnerability 1, float, innate
caster, HP casting, extra vitality 1
a: no special abilities


You were on level 2 of the Dungeon.
You visited 1 branch of the dungeon, and saw 2 of its levels.

You collected 124 gold pieces.

Inventory:

Hand Weapons
 a - a +2 vampiric dagger (weapon)
Missiles
 e - 2 throwing nets
Armour
 g - a +0 robe (worn)
Scrolls
 c - a scroll of magic mapping {unknown}
 d - a scroll of immolation {unknown}
 i - 3 scrolls of identify {unknown}
 k - a scroll of vulnerability {unknown}
 l - 2 scrolls of silence {unknown}
Potions
 b - 2 potions of magic
 f - 2 potions of degeneration {unknown}
 h - a potion of attraction {unknown}
 j - a potion of might {unknown}
 m - 3 potions of heal wounds


   Skills:
 + Level 2.3 Dodging
 - Level 1.5 Stealth
 * Level 3.4 Spellcasting


You couldn't memorise any spells.
You knew the following spells:

 Your Spells              Type           Power      Damage    Failure   Level
a - Shock                 Conj/Air       52%        1d6       4%          1
b - Static Discharge      Conj/Air       26%        2-4/arc   6%          2
c - Swiftness             Air            13%        N/A       13%         3
d - Airstrike             Air            6%         2d(1-17)  38%         4
e - Foxfire               Conj/Fire      52%        2x1d6     4%          1
Your spell library was empty.

Dungeon Overview and Level Annotations

Branches:
Dungeon (2/15)

Altars:

Annotations:
D:2 Crazy Yiuf


Innate Abilities, Weirdness & Mutations

You are immune to sickness and miasma.
You are immune to poison.
Your flesh is very heat resistant. (rF++)
You are vulnerable to cold. (rC-)
You float through the air rather than walking.
You learn spells naturally, not from books.
Your magical power is your life essence.
You have superior vitality. (+4 MHP)


Message History

The zap hits Crazy Yiuf.
Crazy Yiuf is moderately wounded.
Crazy Yiuf barely misses you.
The zap hits Crazy Yiuf.
Crazy Yiuf is severely wounded.
Crazy Yiuf barely misses you.
The zap hits Crazy Yiuf.
Crazy Yiuf is almost dead.
Crazy Yiuf laughs, "Ten ena snail!"
Crazy Yiuf drinks a potion.
Crazy Yiuf is healed!
The zap misses Crazy Yiuf.
Crazy Yiuf screams, "East!
Announcement tea meccalolo."
Crazy Yiuf closely misses you.
You are too injured to fight recklessly!
Aiming: Shock (safe; 4% risk of failure)
Press: ? - help, Q - select action, (/) - cycle Shift-Dir - straight line, f/p - Crazy Yiuf
Aim: Crazy Yiuf, wielding a +4 quarterstaff of chaos and wearing a +0 cloak (72% to hit)
The zap hits Crazy Yiuf.
Crazy Yiuf is moderately wounded.
Crazy Yiuf barely misses you.
Aiming: Shock (safe; 4% risk of failure)
Press: ? - help, Q - select action, (/) - cycle Shift-Dir - straight line, f/p - Crazy Yiuf
Aim: Crazy Yiuf, wielding a +4 quarterstaff of chaos and wearing a +0 cloak (moderately wounded, 72% to hit)
The zap hits Crazy Yiuf.
Crazy Yiuf is heavily wounded.
Crazy Yiuf hits you with a +4 quarterstaff of chaos.
* * * LOW HITPOINT WARNING * * *
Crazy Yiuf freezes you.
* * * LOW HITPOINT WARNING * * *
You don't have enough health to cast this spell.
Crazy Yiuf closely misses you.
Aiming: Shock (safe; 4% risk of failure)
Press: ? - help, Q - select action, (/) - cycle Shift-Dir - straight line, f/p - Crazy Yiuf
Aim: Crazy Yiuf, wielding a +4 quarterstaff of chaos and wearing a +0 cloak (heavily wounded, 72% to hit)
The zap hits Crazy Yiuf but does no damage.
Crazy Yiuf is heavily wounded.
* * * LOW HITPOINT WARNING * * *
Crazy Yiuf hits you with a +4 quarterstaff of chaos!
Ouch! That really hurt!
You die...

........#
#....#
#.........
#####.#.#
##..##
####......
#...#.#.#
#....#
####...###
#._.#...#
#...##
###^÷.......
#...#...#
##.##
#........##.
#.<.#.#.##
#.##
#.......#.#.
#...#....##
##.#
#.......##.#
#####.....#
#.##
#.......###.
..........##
##@#
#.......# ##
#.###......#
#g#
#.......####
#.# ##...###
...
#...........
#.##########
#...#
#...........
..<........#
#..)#
#...........
..########.#
#####
####.###.###
..# #.#
###...##.#
..########.#
###
#.).#....###
.........#.#
#.#
#.#)..##.#..


You could see Crazy Yiuf.

Vanquished Creatures
  A worm (D:2)
  A dart slug (D:2)
  2 ball pythons (D:1)
  4 endoplasms
  A giant cockroach (D:1)
  3 goblins
  A hobgoblin (D:1)
  A quokka (D:2)
  10 bats (D:1)
  4 frilled lizards
  5 kobolds
  6 rats
39 creatures vanquished.

Notes
Turn   | Place    | Note
-------+----------+-------------------------------------------
     0 | D:1      | jimonade the Djinni Air Elementalist began the quest for
                  | the Orb.
     0 | D:1      | jimonade set off with the following spells memorised:
                  | Shock, Static Discharge, Swiftness, Airstrike.
     0 | D:1      | Reached XP level 1. HP: 15/15 MP: 0/0
   188 | D:1      | Reached XP level 2. HP: 17/21 MP: 0/0
   281 | D:1      | Reached skill level 3 in Spellcasting
   482 | D:1      | Reached XP level 3. HP: 20/25 MP: 0/0
   482 | D:1      | Learned a level 1 spell: Foxfire
  1064 | D:2      | Found a faded altar of an unknown god.
  1119 | D:2      | Found a runed translucent door.
  1120 | D:2      | Noticed Crazy Yiuf
  1802 | D:2      | HP: 1/25 [Crazy Yiuf/+4 quarterstaff of chaos (4)]
  1804 | D:2      | Mangled by Crazy Yiuf

Illustrated notes

Levels and vault maps discovered:
D:1:      nagdon_arrival_double_spiral, layout_loops_ring, nrook_uturn,
          minmay_three_crescents
D:2:      layout_loops_ring, nicolae_ecumenical_oubliette,
          uniq_crazy_yiuf_cottage

Skill      XL: |  1  2 |
---------------+-------+-----
Spellcasting   | 3 |  3.4
Dodging        | |  2.3
Stealth        | |  1.5

Action                     || total
---------------------------++-------
   Cast: Shock             ||    91
 Armour: Robe              ||     1
  Dodge: Dodged            ||    13

Table legend: (Time is in decaauts)
 A = Elapsed time spent in this place.
 B = Non-inter-level travel time spent in this place.
 C = Inter-level travel time spent in this place.
 D = Time resting spent in this place.
 E = Time spent auto-exploring this place.
 F = Levels seen in this place.
 G = Mean time per level.
                   A        B        C        D        E       F      G
               +--------+--------+--------+--------+--------+-----+--------+
         Total |   1803 |   1738 |     65 |      0 |   1566 |   2 |  901.5 |
       Dungeon |   1803 |   1738 |     65 |      0 |   1566 |   2 |  901.5 |
               +--------+--------+--------+--------+--------+-----+--------+

Top non-repeatable levels by time:
     D:1: 980 daAuts
     D:2: 822 daAuts
